 Dungeon Crawl Stone Soup version 0.28-a0-206-gc2c9e32840 (webtiles) character file.

Game seed: 1791722530422663833

69 porpoise the Poker (level 4, 0/34 HPs)
             Began as a Demonspawn Gladiator on Aug 20, 2021.
             Slain by an orc wizard (2 damage)
             ... on level 3 of the Dungeon.
             The game lasted 00:08:15 (2324 turns).

porpoise the Poker (Demonspawn Gladiator)           Turns: 2324, Time: 00:08:16

Health: 0/34       AC:  6    Str: 15    XL:     4   Next: 2%
Magic:  4/4        EV: 11    Int: 10    God:
Gold:   51         SH:  0    Dex: 14    Spells: 3/3 levels left

rFire   . . .      SeeInvis .   a - +0 trident
rCold   . . .      Faith    .   (no shield)
rNeg    . . .      Spirit   .   g - +0 ring mail
rPois   .          Reflect  .   c - +0 helmet
rElec   .          Harm     .   (no cloak)
rCorr   .          Rampage  .   (no gloves)
Will    .....                   (no boots)
Stlth   +.........              (no amulet)
HPRegen 0.11/turn               (no ring)
MPRegen 0.18/turn               (no ring)

@: no status effects
A: powered by death 1, magic regeneration
a: no special abilities


You were on level 3 of the Dungeon.
You visited 1 branch of the dungeon, and saw 3 of its levels.

You collected 51 gold pieces.

Inventory:

Hand Weapons
 a - a +0 trident (weapon)
 b - a +0 hunting sling
Missiles
 d - 3 throwing nets (quivered)
 e - 84 stones
Armour
 c - a +0 helmet (worn)
 g - a +0 ring mail (worn)
Magical Staves
 l - a staff of air
Scrolls
 i - a scroll of immolation
 v - a scroll of identify


   Skills:
 + Level 2.9 Fighting
 * Level 4.0 Polearms
 - Level 1.7 Throwing
 - Level 2.6 Dodging


You had 3 spell levels left.
You didn't know any spells.
Your spell library contained the following spells:

 Spells                   Type           Power      Damage    Failure   Level
 Beastly Appendage        Tmut           0%         N/A       58%         1
 Wereblood                Tmut           0%         N/A       75%         2
 Spider Form              Tmut/Pois      0%         N/A       92%         3


Dungeon Overview and Level Annotations

Branches:
Dungeon (3/15)

Altars:
Trog


Innate Abilities, Weirdness & Mutations

You regenerate a little health from kills.
You regenerate magic rapidly.


Message History

Okay, then.
The orc priest hits you with a +2 flail of distortion!
You blink.
You can't go up here!
a - a +0 trident (weapon)
The orc priest casts a cantrip, but nothing happens.
You are too injured to fight recklessly!
You are too injured to fight recklessly!
The orc barely misses you.
You are too injured to fight recklessly!
You are too injured to fight recklessly!
You are too injured to fight recklessly!
The orc misses you.
The orc hits you with a +1 hand axe of flaming.
The orc burns you.
* * * LOW HITPOINT WARNING * * *
Found a throwing net.
You puncture the orc!
You kill the orc!
Something hits you but does no damage.
You have reached level 4!
You feel clever.
Your demonic ancestry asserts itself...
Your magic begins to regenerate rapidly.
Unknown command.
Unknown command.
You hit the orc.
The orc is moderately wounded.
The orc hits you with a +0 whip.
* * * LOW HITPOINT WARNING * * *
You hear some strange, mumbled words.
A magic dart appears from out of thin air!
The magic dart hits you.
* * * LOW HITPOINT WARNING * * *
You aren't carrying any potions.
Okay, then.
Unknown command.
Unknown command.
Unknown command.
Something hits you.
You die...

.. #. #. #.###.
.#..... .......
.# #.....## .# ..
#......####.##...
#.....o)o{....(..
##......##@..##..
......#.##..##
##.##...##...#
....((.((((.<#
#..###.#..)#.# #.
#..<..#.#
###......
#.###..# ...
##..#


You could see an orc priest and an orc.

Vanquished Creatures
  2 adders (D:2)
  A dart slug (D:2)
  2 orcs (D:3)
  4 ball pythons
  4 endoplasms
  A giant cockroach (D:2)
  7 goblins
  2 hobgoblins
  3 jackals (D:2)
  2 quokkas
  7 bats
  3 frilled lizards
  3 kobolds
  3 rats (D:1)
44 creatures vanquished.

Notes
Turn   | Place    | Note
-------+----------+-------------------------------------------
     0 | D:1      | porpoise the Demonspawn Gladiator began the quest for the
                  | Orb.
     0 | D:1      | Reached XP level 1. HP: 16/16 MP: 1/1
    51 | D:1      | Found a faded altar of an unknown god.
   316 | D:1      | Reached skill level 3 in Polearms
   325 | D:1      | Gained mutation: You regenerate a little health from kills.
                  | [demonic ancestry]
   325 | D:1      | Reached XP level 2. HP: 22/22 MP: 2/2
   967 | D:2      | Found a bloodstained altar of Trog.
   998 | D:2      | Reached XP level 3. HP: 21/28 MP: 3/3
  2311 | D:3      | Reached skill level 4 in Polearms
  2323 | D:3      | Gained mutation: You regenerate magic rapidly. [demonic
                  | ancestry]
  2323 | D:3      | Reached XP level 4. HP: 12/34 MP: 4/4
  2324 | D:3      | Slain by an orc wizard

Illustrated notes

Levels and vault maps discovered:
D:1:      psy_arrival_radial02, layout_loops_ring,
          ebering_ecumenical_altar_webs, amethyst_killhole
D:2:      layout_loops_ring, basic_altar
D:3:      layout_rooms, mainiacjoe_overflow_24_doors, portal_sewer_entry_e

Skill      XL: |  1  2  3 |
---------------+----------+-----
Polearms       | 3 4 |  4.0
Fighting       | |  2.9
Throwing       | |  1.7
Dodging        | |  2.6

Action                   |  1- 3 |  4- 6 || total
-------------------------+-------+-------++-------
Melee: Trident           |   126 |     1 ||   127
 Fire: Hunting sling     |    18 |       ||    18
  Use: Scroll            |     6 |       ||     6
       Potion            |     1 |       ||     1
Armor: Leather armour    |     6 |       ||     6
       Ring mail         |    44 |       ||    44
Dodge: Dodged            |    84 |       ||    84

Table legend: (Time is in decaauts)
 A = Elapsed time spent in this place.
 B = Non-inter-level travel time spent in this place.
 C = Inter-level travel time spent in this place.
 D = Time resting spent in this place.
 E = Time spent auto-exploring this place.
 F = Levels seen in this place.
 G = Mean time per level.
                   A        B        C        D        E       F      G
               +--------+--------+--------+--------+--------+-----+--------+
         Total |   2341 |   2192 |    149 |    542 |   1267 |   3 |  780.3 |
       Dungeon |   2341 |   2192 |    149 |    542 |   1267 |   3 |  780.3 |
               +--------+--------+--------+--------+--------+-----+--------+

Top non-repeatable levels by time:
     D:2: 1445 daAuts
     D:1: 850 daAuts
     D:3: 45 daAuts
